 Dungeon Crawl Stone Soup version 0.30.1-3-gfc49f6343a (webtiles) character file.

Game seed: 6879049592738212591

310 Anandil the Trooper (level 6, -3/47 (49) HPs)
             Began as a Demonspawn Fighter on Aug 1, 2023.
             Slain by Crazy Yiuf
             ... wielding a +4 quarterstaff of chaos
              (10 damage)
             ... on level 3 of the Dungeon.
             The game lasted 00:03:41 (2834 turns).

Anandil the Trooper (Demonspawn Fighter)            Turns: 2834, Time: 00:03:42

HP:   -3/47 (49)    AC:  7    Str: 18    XL:     6   Next: 17%
MP:   6/6           EV: 14    Int:  9    God:
Gold: 108           SH:  5    Dex: 13    Spells: 5/5 levels left

rFire   . . .        a - +0 trident
rCold   . . .        c - +0 buckler
rNeg    . . .        b - +0 scale mail
rPois   .            (no helmet)
rElec   .            (no cloak)
rCorr   .            (no gloves)
SInv    .            (no boots)
Will    .....        (no amulet) Stlth
                     (no ring)
HPRegen 0.27/turn    (no ring)
MPRegen 0.10/turn

%: no passive effects
@: agile, on berserk cooldown, slowed, lightly drained, very slow
A: demonic guardian 2
a: no special abilities


You were on level 3 of the Dungeon.
You visited 1 branch of the dungeon, and saw 3 of its levels.

You collected 108 gold pieces.

Inventory:

Hand Weapons
 a - a +0 trident (weapon)
Armour
 b - a +0 scale mail (worn)
 c - a +0 buckler (worn)
Scrolls
 j - 3 scrolls of identify {unknown}
 m - a scroll of enchant armour {unknown}
 n - a scroll of teleportation {unknown}
Potions
 d - 2 potions of might
 e - a potion of heal wounds {unknown}
 f - a potion of berserk rage
 g - 2 potions of brilliance {unknown}
 h - a potion of cancellation {unknown}
 i - a potion of resistance {unknown}
 k - 3 potions of curing {unknown}
 l - a potion of invisibility {unknown}


   Skills:
 + Level 4.3 Fighting
 + Level 3.3 Polearms
 + Level 3.9 Armour
 + Level 3.9 Shields


You had 5 spell levels left.
You didn't know any spells.
Your spell library was empty.

Dungeon Overview and Level Annotations

Branches:
Dungeon (3/15)

Altars:

Annotations:
D:3 Crazy Yiuf


Innate Abilities, Weirdness & Mutations

A demonic guardian rushes to your aid.


Message History

You block Crazy Yiuf's attack.
You hit Crazy Yiuf but do no damage.
Crazy Yiuf is moderately wounded.
Crazy Yiuf hits you with a +4 quarterstaff of chaos!
Crazy Yiuf freezes you.
A demonic guardian appears!
Crazy Yiuf grits, "Citrus!"
Crazy Yiuf hits you with a +4 quarterstaff of chaos!
* * * LOW HITPOINT WARNING * * *
You feel drained.
* * * LOW HITPOINT WARNING * * *
Crazy Yiuf attacks as you move away!
Crazy Yiuf hits you with a +4 quarterstaff of chaos.
* * * LOW HITPOINT WARNING * * *
You feel agile all of a sudden.
Your hellwing hits Crazy Yiuf. Your hellwing hits Crazy Yiuf!
Crazy Yiuf laughs, "Mountain!"
Crazy Yiuf hits your hellwing with a +4 quarterstaff of chaos.
Your hellwing seems to speed up.
Your hellwing closely misses Crazy Yiuf.
Your hellwing hits Crazy Yiuf.
Crazy Yiuf whimpers, "Trifle!
Candle high snail."
Crazy Yiuf hits your hellwing but does no damage.
Your hellwing is devoured by a tear in reality.
It was a potion of berserk rage.
A red film seems to cover your vision as you go berserk!
You feel yourself moving faster!
You feel mighty!
Crazy Yiuf shouts!
Crazy Yiuf yells, "Trifle koolooloo Orb Guardian!"
You feel a strong urge to attack something.
You feel your anger nearly subside.
You are no longer berserk.
You are exhausted.
You feel yourself slow down. You block Crazy Yiuf's attack.
You hit Crazy Yiuf but do no damage.
Crazy Yiuf is almost dead.
You block Crazy Yiuf's attack.
You barely miss Crazy Yiuf.
Crazy Yiuf is almost dead.
Crazy Yiuf misses you.
Crazy Yiuf hits you with a +4 quarterstaff of chaos!
You die...

#. ♣♣♣♣♣## #. ###
♣♣♣)♣)..### #.
#)))#♣))♣).§...#+##
#.
#.))')♣♣♣♣.§.g@...##
#. #)))#♣♣
♣♣..#.....## ### #.
### ♣♣##......##
##.###.
#.......####...##.
#.......'.........
##.......####......
#.......## ##.#.##
##.....## ###.#
##...## #.#


You could see Crazy Yiuf.

Vanquished Creatures
  An orc priest (D:3)
  A worm (D:2)
  4 orcs (D:3)
  10 ball pythons
  8 bats
  8 endoplasms
  4 giant cockroaches
  5 goblins
  3 hobgoblins
  6 jackals
  3 kobolds
  4 quokkas
  4 frilled lizards
  3 rats
64 creatures vanquished.

Vanquished Creatures (collateral kills)
  Grinder (D:3)
  4 orcs (D:3)
  An endoplasm (D:1)
  A quokka (D:1)
  A frilled lizard (D:1)
8 creatures vanquished.

Grand Total: 72 creatures vanquished

Notes
Turn   | Place    | Note
-------+----------+-------------------------------------------
     0 | D:1      | Anandil the Demonspawn Fighter began the quest for the Orb.
     0 | D:1      | Reached XP level 1. HP: 18/18 MP: 1/1
    52 | D:1      | Gained mutation: A weak demonic guardian rushes to your
                  | aid. [demonic ancestry]
    52 | D:1      | Reached XP level 2. HP: 6/24 MP: 2/2
   778 | D:1      | Gained mutation: A demonic guardian rushes to your aid.
                  | [demonic ancestry]
   778 | D:1      | Reached XP level 3. HP: 29/29 MP: 3/3
  1652 | D:2      | Found a faded altar of an unknown god.
  1652 | D:2      | Noticed a hellwing
  2362 | D:3      | Reached XP level 4. HP: 36/36 MP: 4/4
  2628 | D:3      | Noticed Grinder
  2648 | D:3      | Killed Grinder
  2649 | D:3      | Reached skill level 4 in Fighting
  2649 | D:3      | Reached XP level 5. HP: 16/43 MP: 5/5
  2649 | D:3      | Reached XP level 6. HP: 18/49 MP: 6/6
  2811 | D:3      | Found a runed translucent door.
  2812 | D:3      | Noticed Crazy Yiuf
  2834 | D:3      | Slain by Crazy Yiuf

Illustrated notes

Levels and vault maps discovered:
D:1:      lordsloth_arrival_two_stooges, layout_basic
D:2:      minmay_inner_zag, layout_loops_ring,
          dreamdust_ecumenical_altar_sealed_demon
D:3:      layout_loops_corners, mainiacjoe_overflow_big_doors, serial_forest,
          infiniplex_forest_lined_room_3, infiniplex_forest_lined_3_way,
          infiniplex_forest_clump_small, infiniplex_forest_clump_curved,
          infiniplex_forest_lined_2, uniq_grinder, uniq_ijyb, uniq_natasha,
          uniq_crazy_yiuf_cottage, uniq_terence

Skill      XL: |  1  2  3  4 |
---------------+-------------+-----
Polearms       | 2 3 |  3.3
Shields        | 3 |  3.9
Armour         | 3 |  3.9
Fighting       | 4 |  4.3

Action                     |  1- 3 |  4- 6 || total
---------------------------+-------+-------++-------
  Melee: Trident           |   188 |    58 ||   246
    Use: Potion            |       |     1 ||     1
 Armour: Scale mail        |   101 |    21 ||   122
  Dodge: Dodged            |    84 |    20 ||   104
  Block: Buckler           |    45 |     9 ||    54
